 Dungeon Crawl Stone Soup version 0.20-a0-470-gbb038bd (webtiles) character file.

1760 beholder the Skirmisher (level 9, -8/94 HPs)
             Began as an Ogre Hunter on Jan 13, 2017.
             Was a Believer of Okawaru.
             Mangled by Menkaure (21 damage)
             ... on level 7 of the Dungeon.
             The game lasted 00:39:47 (6682 turns).

beholder the Skirmisher (Ogre Hunter)               Turns: 6682, Time: 00:39:48

Health: -8/94      AC:  4    Str: 18    XL:     9   Next: 7%
Magic:  10/12      EV: 14    Int: 14    God:    Okawaru [**....]
Gold:   342        SH:  0    Dex: 10    Spells: 8/8 levels left

rFire  . . .     SeeInvis .     h - +4 whip
rCold  . . .     Gourm    .     v - +1 robe
rNeg   . . .     Faith    .     (no shield)
rPois  .         Spirit   .     (helmet restricted)
rElec  .         Reflect  .     (no cloak)
rCorr  .         Harm     .     (gloves unavailable)
MR     .....                    (boots unavailable)
Stlth  +++.......               (no amulet)
                                (no ring)
                                (no ring)

@: heroism
A: unfitting armour, tough skin 1
a: Heroism, Renounce Religion


You were on level 7 of the Dungeon.
You worshipped Okawaru.
Okawaru was pleased with you.
You were near starving.

You visited 2 branches of the dungeon, and saw 8 of its levels.

You collected 342 gold pieces.

Inventory:

Hand Weapons
 h - a +4 whip (weapon)
 u - a +0 trident
 x - a +0 giant club
 A - a +0 quarterstaff
Missiles
 b - 4 tomahawks (quivered)
 d - 2 throwing nets
 g - a tomahawk of returning
 n - 25 poisoned needles
Armour
 v - a +1 robe (worn)
Wands
 k - a wand of random effects (10/48)
 C - a wand of scattershot (0/9)
 J - a wand of paralysis (15/24)
Scrolls
 m - a scroll of fog
 s - 3 scrolls of remove curse
 t - 3 scrolls of magic mapping
 w - a scroll of blinking {unknown}
 y - 2 scrolls of fear
 B - a scroll of brand weapon {unknown}
 E - a scroll of teleportation {unknown}
 F - a scroll of immolation {unknown}
Potions
 a - 2 potions of haste
 e - a potion of cancellation {unknown}
 j - 3 potions of curing
 l - 2 potions of brilliance
 o - 2 potions of agility
 q - 2 potions of ambrosia
 r - a potion of degeneration {unknown}
 z - a potion of invisibility
 G - a potion of lignification {unknown}
 H - a potion of mutation {unknown}
 I - a potion of resistance {unknown}
Comestibles
 f - 5 bread rations
 i - 7 fruits
 D - 3 meat rations


   Skills:
 + Level 7.7(12.7) Fighting
 - Level 3.0(8.4) Polearms
 + Level 2.3(8.1) Staves
 + Level 6.8(11.8) Throwing
 - Level 2.0(7.0) Armour
 + Level 5.0(10.0) Dodging
 - Level 0.6(5.6) Stealth
 - Level 4.0 Invocations


You had 8 spell levels left.
You didn't know any spells.

Dungeon Overview and Level Annotations

Branches:
Dungeon (7/15)             Temple (1/1) D:4

Altars:
Ashenzari
Cheibriados
Dithmenos
Elyvilon
Fedhas
Gozag
Hepliaklqana
Kikubaaqudgha
Makhleb
Nemelex Xobeh
Okawaru
Qazlal
Ru
Sif Muna
Trog
Uskayaw
Vehumet
Xom
Yredelemnul
Zin
The Shining One

Shops:
D:6 *

Annotations:
D:7 Menkaure


Innate Abilities, Weirdness & Mutations

You are too large for most types of armour.
You have tough skin. (AC +1)


Message History

Throwing (i - inventory. (,) - cycle):
c - a large rock (quivered)
Press: ? - help, Shift-Dir - straight line, f/p - Menkaure
Aim: Menkaure (heavily damaged, fast)
You throw a large rock. The large rock closely misses Menkaure.
Menkaure casts a spell at you. You resist with significant effort.
Menkaure hits you!
* * * LOW HITPOINT WARNING * * *
You take 16 damage, and have 21/94 hp.
You gain the combat prowess of a mighty hero.
Menkaure hits you!
* * * LOW HITPOINT WARNING * * *
You take 8 damage, and have 13/94 hp.
You now have 10/12 mp.
Okay, then.
Press: ? - help, v - describe, . - travel
Here: Menkaure (heavily damaged, fast)
An open door.
You hit Menkaure.
Menkaure is heavily damaged.
Menkaure hits you!!
You die...

.......###########
.......#.........#
.......#.........# #
.......#.........# .(
.......#.........# .(.
.......#.........# ...(
.......#.........# (....
.......#.........#......
.......'........@M......
.......#.........#.....?
.................# .....
....................>...
.........#####.##.......
########'#####.# ..## ##
#.........#.# #.######+###
#.........#.# #..#...)...#
#.........#.####.#.......#


You could see Menkaure.

Vanquished Creatures
  Sigmund (D:2)
  A hungry ghost (D:7)
  An orc warrior (D:6)
  An ice beast (D:6)
  A sky beast (D:5)
  A centaur (D:7)
  A black bear (D:7)
  An ogre (D:5)
  A bullfrog (D:6)
  3 scorpions
  2 wights (D:7)
  A bullfrog zombie (D:7)
  2 hounds
  4 orc priests
  2 bullfrog skeletons
  A gnoll shaman (D:7)
  3 worker ants
  A hound skeleton (D:5)
  4 gnolls (D:7)
  9 adders
  A shadow imp (D:6)
  2 oozes
  An adder skeleton (D:4)
  4 worms
  2 dart slugs (D:3)
  3 leopard geckos
  21 orcs
  4 giant cockroaches
  6 goblins
  10 hobgoblins
  17 jackals
  9 quokkas
  A ball python (D:3)
  7 bats
  7 frilled lizards
  7 kobolds
  A quokka skeleton (D:6)
  7 rats
151 creatures vanquished.

Notes
Turn   | Place    | Note
-------+----------+-------------------------------------------
     0 | D:1      | beholder the Ogre Hunter began the quest for the Orb.
     0 | D:1      | Reached XP level 1. HP: 22/22 MP: 1/1
   165 | D:1      | Reached skill level 3 in Fighting
   169 | D:1      | Reached XP level 2. HP: 22/31 MP: 2/2
   441 | D:1      | Reached skill level 1 in Polearms
   712 | D:1      | Reached XP level 3. HP: 37/37 MP: 3/3
   892 | D:2      | Noticed Sigmund
   895 | D:2      | Killed Sigmund
   895 | D:2      | Reached skill level 4 in Fighting
   895 | D:2      | Reached XP level 4. HP: 32/49 MP: 4/4
   895 | D:2      | Reached XP level 5. HP: 36/55 MP: 5/5
  1188 | D:2      | Reached XP level 6. HP: 53/63 MP: 6/6
  1634 | D:3      | Reached skill level 5 in Fighting
  2513 | D:4      | Reached skill level 5 in Throwing
  2963 | D:4      | Reached XP level 7. HP: 44/72 MP: 7/7
  3352 | D:4      | Found a staircase to the Ecumenical Temple.
  3367 | Temple   | Entered the Ecumenical Temple
  3586 | Temple   | Became a worshipper of Warmaster Okawaru
  3739 | D:5      | Entered Level 5 of the Dungeon
  3772 | D:5      | Reached skill level 1 in Invocations
  3997 | D:5      | Found a shattered altar of Ashenzari.
  3997 | D:5      | Found a deep blue altar of Sif Muna.
  4083 | D:5      | Reached skill level 6 in Fighting
  4354 | D:5      | Reached * piety under Okawaru
  4518 | D:5      | Reached XP level 8. HP: 44/84 MP: 10/10
  5575 | D:6      | Found an opulent altar of Gozag.
  5579 | D:6      | Found Gozag's Platinum Reserve.
  5744 | D:6      | Reached skill level 1 in Armour
  6221 | D:7      | Reached skill level 7 in Fighting
  6242 | D:7      | Reached skill level 1 in Staves
  6555 | D:7      | Reached ** piety under Okawaru
  6649 | D:7      | Reached skill level 5 in Dodging
  6649 | D:7      | Reached XP level 9. HP: 81/94 MP: 12/12
  6673 | D:7      | Noticed Menkaure
  6682 | D:7      | Mangled by Menkaure

Vault maps used:
D:1:      scummos_arrival_star, serial_bayou_pond_e
D:2:      minivault_27, uniq_sigmund
D:3:      first_bread
D:5:      chequers_temple_overflow_statue_of_worship
D:6:      nicolae_gozag_zags_fifth_avenue, minmay_misc_feat_hallway
D:7:      uniq_menkaure, uniq_duvessa
Temple:   dpeg_five_rooms_temple

Skill      XL: |  1  2  3  4  5  6  7  8 |
---------------+-------------------------+-----
Fighting       | 3 4 5 6 7 |  7.7
Dodging        | 2 3 4 5 |  5.0
Polearms       | 1 2 3 |  3.0
Throwing       | 5 6 |  6.8
Invocations    | 3 4 |  4.0
Armour         | 2 |  2.0
Staves         | 2 |  2.3
Stealth        | |  0.6

Action                   |  1- 3 |  4- 6 |  7- 9 || total
-------------------------+-------+-------+-------++-------
Melee: Spear             |    14 |       |       ||    14
       Short sword       |     7 |       |       ||     7
       Whip              |    56 |   169 |   254 ||   479
Throw: Large rock        |     6 |     2 |    15 ||    23
       Tomahawk          |       |     4 |    63 ||    67
Invok: Heroism           |       |       |     1 ||     1
Evoke: Wand              |       |       |     5 ||     5
  Use: Scroll            |     5 |     3 |     3 ||    11
 Stab: Sleeping          |     1 |     3 |       ||     4
  Eat: Chunk             |       |     7 |    11 ||    18
       Beef jerky        |       |       |     2 ||     2
Armor: Robe              |    21 |    44 |    70 ||   135
Dodge: Dodged            |    43 |   105 |   193 ||   341
